 Dungeon Crawl Stone Soup version 0.31-a0-162-gc4c5a43528 (webtiles) character file.

Game seed: 3725267608446847362

74 IndexError the Trooper (level 4, -3/63 HPs)
             Began as a Minotaur Berserker on June 13, 2023.
             Was a Believer of Trog.
             Slain by a gnoll
             ... wielding a +0 spear
              (7 damage)
             ... on level 2 of the Dungeon.
             The game lasted 00:01:35 (1022 turns).

IndexError the Trooper (Minotaur Berserker)         Turns: 1022, Time: 00:01:35

Health: -3/63      AC:  2    Str: 24    XL:     4   Next: 9%
Magic:  3/3        EV: 12    Int:  4    God:    Trog [**....]
Gold:   77         SH:  0    Dex:  9    Spells: 3/3 levels left

rFire   . . .        d - +0 whip
rCold   . . .        (no shield)
rNeg    . . .        b - +0 animal skin
rPois   .            (helmet restricted)
rElec   .            (no cloak)
rCorr   .            (no gloves)
SInv    .            (no boots)
Will    .....        (no amulet) Stlth
                     (no ring)
HPRegen 0.30/turn    (no ring)
MPRegen 0.08/turn

%: no passive effects
@: berserking (expiring), very quick
A: horns 2, retaliatory headbutt
a: Renounce Religion, Berserk, Trog's Hand


You were on level 2 of the Dungeon.
You worshipped Trog.
Trog was pleased with you.
You visited 1 branch of the dungeon, and saw 2 of its levels.

You collected 77 gold pieces.

Inventory:

Hand Weapons
 a - a +0 mace
 d - a +0 whip (weapon)
   (You found it on level 1 of the Dungeon)
 h - a +0 sling
   (You found it on level 1 of the Dungeon)
Armour
 b - a +0 animal skin (worn)
Scrolls
 c - 2 scrolls of identify {unknown}
 e - a scroll of amnesia {unknown}
 f - a scroll of acquirement {unknown}
 g - a scroll of immolation {unknown}
 i - a scroll of vulnerability {unknown}
Potions
 j - a potion of curing {unknown}


   Skills:
 + Level 5.0 Fighting
 + Level 4.9 Maces & Flails
 - Level 2.4 Armour
 - Level 2.1 Dodging


You had 3 spell levels left.
You didn't know any spells.
Your spell library was empty.

Dungeon Overview and Level Annotations

Branches:
Dungeon (2/15)

Altars:


Innate Abilities, Weirdness & Mutations

You have a pair of horns on your head.
You reflexively headbutt those who attack you in melee.


Message History

You hit the kobold. Trog accepts your kill.
No target in view!
No target in view!
There is a stone staircase leading up here.
You climb upwards.
There is a stone staircase leading down here.
Health restored: 34
Okay, then.
Done exploring.
Done exploring.
There is a stone staircase leading down here.
You feel yourself speed up.
You recover from your berserk rage.
There is an escape hatch in the floor here.
There is a stone staircase leading down here.
You climb downwards.
The ball python hisses angrily.
There is a stone staircase leading up here.
A ball python is nearby!
You hit the ball python. Trog accepts your kill.
No target in view!
Found a stone staircase leading down.
A rat comes into view.
You see here an emerald potion.
A rat is nearby!
j - an emerald potion You barely miss the rat.
The rat bites you.
You take 1 damage, and have 33/34 hp.
You hit the rat but do no damage. The rat closely misses you.
You hit the rat. Trog accepts your kill.
Health restored: 34 No target in view!
You now have 77 gold pieces (gained 8).
A bat comes into view.
A bat is nearby!
A bat is nearby!
The bat barely misses you.
You miss the bat. The bat hits you but does no damage.
The bat closely misses you.
Found two stone staircases leading down.
The bat barely misses you. The bat misses you. You furiously retaliate!
You headbutt the bat! Trog accepts your kill.
You can now call upon Trog for regeneration and willpower.
No target in view!
No target in view!
A gnoll comes into view. It is wielding a +0 spear.
A gnoll is nearby!
A gnoll comes into view. It is wielding a +0 halberd.
The gnoll shouts!
You hear a shout! x2
The gnoll barely misses you.
A gnoll comes into view. It is wielding a +0 spear.
You fail to use your ability.
A gnoll comes into view. It is wielding a +2 whip of draining.
The gnoll closely misses you.
You hit the gnoll but do no damage.
You headbutt the gnoll, but do no damage.
The gnoll closely misses you. You furiously retaliate!
You headbutt the gnoll. You hit the gnoll but do no damage.
The gnoll hits you from afar with a +0 halberd!
You take 13 damage, and have 21/34 hp.
MASSIVE DAMAGE!!
A red film seems to cover your vision as you go berserk!
You feel yourself moving faster!
You feel mighty!
The gnoll hits you from afar with a +0 halberd!
You now have 24/51 hp.
You hit the gnoll but do no damage. You headbutt the gnoll!
You whack the gnoll! Trog accepts your kill. The gnoll barely misses you.
You closely miss the gnoll. You whack the gnoll!
The gnoll hits you from afar with a +0 halberd!
* * * LOW HITPOINT WARNING * * *
The gnoll completely misses you.
You take 11 damage, and have 14/52 hp.
MASSIVE DAMAGE!!
You whack the gnoll! Trog accepts your kill.
The gnoll hits you from afar with a +0 halberd.
* * * LOW HITPOINT WARNING * * *
The gnoll hits you from afar with a +0 spear.
* * * LOW HITPOINT WARNING * * *
A dart slug comes into view.
You take 6 damage, and have 8/52 hp.
You hit the gnoll.
The gnoll hits you from afar with a +0 spear.
* * * LOW HITPOINT WARNING * * *
The gnoll closely misses you. You furiously retaliate!
You headbutt the gnoll!
You feel the power of Trog in you as your rage grows.
Trog accepts your kill.
A kobold comes into view. It is wielding a +0 dagger.
Your Fighting skill increases to level 5!
You have reached level 4!
You feel stronger.
You take 6 damage, and have 3/63 hp.
MP restored: 3 The kobold shouts!
The gnoll hits you from afar with a +0 spear!
You die...

#.. #.# ..... ... #.. ..
#... ... ..# #.. #... ..
..# ... ..... w #.#
####.# ..#. ..
#.######.......#.. ...
#.#...#..##.#.K#(###...#
..#.....###.##..@....#.#
.........##.####..g.....
......##.......<.)......
.....................###
..........##.........##
......##.......$......###
....>.##......†..........
................).).#...
#....#######........#...


You could see a gnoll and a kobold.

Vanquished Creatures
  4 gnolls
  5 ball pythons
  5 endoplasms (D:1)
  2 giant cockroaches (D:1)
  7 goblins
  2 hobgoblins
  A quokka (D:2)
  5 bats
  2 frilled lizards (D:1)
  2 kobolds
  A rat (D:2)
36 creatures vanquished.

Notes
Turn   | Place    | Note
-------+----------+-------------------------------------------
     0 | D:1      | IndexError the Minotaur Berserker began the quest for the
                  | Orb.
     0 | D:1      | Reached XP level 1. HP: 19/19 MP: 0/0
    96 | D:1      | Reached skill level 4 in Fighting
    96 | D:1      | Reached skill level 4 in Maces & Flails
   140 | D:1      | Reached XP level 2. HP: 27/27 MP: 1/1
   400 | D:1      | Reached XP level 3. HP: 29/34 MP: 2/2
   614 | D:1      | Reached ** piety under Trog
  1019 | D:2      | HP: 10/52 [gnoll/+0 halberd (4)]
  1021 | D:2      | HP: 3/52 [gnoll/+0 spear (6)]
  1022 | D:2      | Reached skill level 5 in Fighting
  1022 | D:2      | Reached XP level 4. HP: 3/42 MP: 3/3
  1022 | D:2      | Slain by a gnoll

Illustrated notes

Levels and vault maps discovered:
D:1:      minmay_arrival_wavy_path, layout_rooms
D:2:      minmay_evil_eye, layout_rooms, basic_altar

Skill      XL: |  1  2  3 |
---------------+----------+-----
Fighting       | 4 5 |  5.0
Maces & Flails | 4 |  4.9
Armour         | |  2.4
Dodging        | |  2.1

Action                     |  1- 3 |  4- 6 || total
---------------------------+-------+-------++-------
  Melee: Mace              |    13 |       ||    13
         Whip              |    58 |       ||    58
         Headbutt          |     8 |       ||     8
         Punch             |     1 |       ||     1
 Invoke: Berserk           |     3 |       ||     3
 Armour: Animal skin       |    14 |       ||    14
  Dodge: Dodged            |    58 |       ||    58

Table legend: (Time is in decaauts)
 A = Elapsed time spent in this place.
 B = Non-inter-level travel time spent in this place.
 C = Inter-level travel time spent in this place.
 D = Time resting spent in this place.
 E = Time spent auto-exploring this place.
 F = Levels seen in this place.
 G = Mean time per level.
                   A        B        C        D        E       F      G
               +--------+--------+--------+--------+--------+-----+--------+
         Total |   1032 |    869 |    163 |     50 |    654 |   2 |  516.0 |
       Dungeon |   1032 |    869 |    163 |     50 |    654 |   2 |  516.0 |
               +--------+--------+--------+--------+--------+-----+--------+

Top non-repeatable levels by time:
     D:1: 946 daAuts
     D:2: 86 daAuts

Levels and vault maps discovered:
D:1:      minmay_arrival_wavy_path, layout_rooms
D:2:      minmay_evil_eye, layout_rooms, basic_altar

Table legend: (Time is in decaauts)
 A = Elapsed time spent in this place.
 B = Non-inter-level travel time spent in this place.
 C = Inter-level travel time spent in this place.
 D = Time resting spent in this place.
 E = Time spent auto-exploring this place.
 F = Levels seen in this place.
 G = Mean time per level.
                   A        B        C        D        E       F      G
               +--------+--------+--------+--------+--------+-----+--------+
         Total |   1032 |    869 |    163 |     50 |    654 |   2 |  516.0 |
       Dungeon |   1032 |    869 |    163 |     50 |    654 |   2 |  516.0 |
               +--------+--------+--------+--------+--------+-----+--------+

Top non-repeatable levels by time:
     D:1: 946 daAuts
     D:2: 86 daAuts

Table legend:
 A = Kills in this place as a percentage of kills in the entire game.
 B = Kills by you in this place as a percentage of kills by you in the entire game.
 C = Kills by friends in this place as a percentage of kills by friends in the entire game.
 D = Other kills in this place as a percentage of other kills in the entire game.
 E = Experience gained in this place as a percentage of experience gained in the entire game.
 F = Experience gained in this place divided by the number of levels of this place that you have seen.
                   A       B       C       D       E      F
               +-------+-------+-------+-------+-------+----------------------
         Total | 100.0 | 100.0 |   N/A |   N/A | 100.0 |  53.0
       Dungeon | 100.0 | 100.0 |   N/A |   N/A | 100.0 |  53.0
               +-------+-------+-------+-------+-------+----------------------
